 Dungeon Crawl Stone Soup version 0.27.1-34-g3ba077fa99 (webtiles) character file.

Game seed: 3852672368942468892

41 pkoi the Insei (level 3, -2/31 HPs)
             Began as a Draconian Monk on Jan 15, 2022.
             Slain by Sigmund (6 damage)
             ... on level 2 of the Dungeon.
             The game lasted 00:02:55 (1073 turns).

pkoi the Insei (Draconian Monk)                     Turns: 1073, Time: 00:02:55

Health: -2/31      AC:  5    Str: 13    XL:     3   Next: 32%
Magic:  3/3        EV: 12    Int: 11    God:
Gold:   22         SH:  0    Dex: 13    Spells: 2/2 levels left

rFire    . . .     SeeInvis .   b - +6 short sword (venom)
rCold    . . .     Faith    .   (no shield)
rNeg     . . .     Spirit   .   (armour unavailable)
rPois    .         Reflect  .   (helmet restricted)
rElec    .         Harm     .   (no cloak)
rCorr    .         Rampage  .   (no gloves)
Will     .....                  (no boots)
Stlth    +.........             (no amulet)
HPRegen  0.10/turn              (no ring)
MPRegen  0.08/turn              (no ring)

@: confused
A: AC +5, unfitting armour, cold-blooded
a: no special abilities


You were on level 2 of the Dungeon.
You visited 1 branch of the dungeon, and saw 2 of its levels.

You collected 22 gold pieces.

Inventory:

Hand Weapons
 b - a +6 short sword of venom (weapon)
 g - a +2 antimagic dagger
Missiles
 k - 11 poisoned darts (quivered)
Scrolls
 d - a scroll of vulnerability {unknown}
 e - 2 scrolls of amnesia {unknown}
 f - a scroll of enchant weapon {unknown}
 h - a scroll of identify {unknown}
 j - a scroll of blinking {unknown}
Potions
 a - a potion of curing
 c - a potion of mutation {unknown}
 i - a potion of resistance {unknown}


   Skills:
 - Level 3.2 Fighting
 - Level 2.6 Dodging
 - Level 1.8 Stealth
 + Level 4.4 Unarmed Combat


You had 2 spell levels left.
You didn't know any spells.
Your spell library was empty.

Dungeon Overview and Level Annotations

Branches:
Dungeon (2/15)

Altars:

Annotations:
D:2 Robin, Sigmund


Innate Abilities, Weirdness & Mutations

Your plain brown scales are hard. (AC +5)
You cannot fit into any form of body armour.
You are cold-blooded and may be slowed by cold attacks.


Message History

There is an open door here.
There is a stone staircase leading down here.
You start resting.
HP restored.
You climb downwards.
Level annotation: Robin
Found 11 poisoned darts.
There is a stone staircase leading up here.
Found a stone staircase leading up.
You see here 11 poisoned darts.
k - 11 poisoned darts Sigmund the Dreaded comes into view.
He is wielding a +0 scythe of flaming.
Sigmund is nearby!
Sigmund shouts!
Sigmund drinks a potion.
Sigmund flickers and vanishes!
Deactivating autopickup; reactivate with Ctrl-A.
Something hits you. Something burns you. Something barely misses you.
You closely miss something. You hit something.
Your tail-slap misses something.
Something hits you. Something burns you.
You hit something but do no damage.
You hear some strange, mumbled words.
You are confused.
Something hits you!
* * * LOW HITPOINT WARNING * * *
Something burns you.
* * * LOW HITPOINT WARNING * * *
You're too confused to move!
Something hits you.
* * * LOW HITPOINT WARNING * * *
Something burns you.
* * * LOW HITPOINT WARNING * * *
You hear some strange, mumbled words.
A puff of flame appears from out of thin air!
The puff of flame misses you.
You feel less confused.
You hear some strange, mumbled words.
You are confused.
Something hits you.
You die...

#..........#
#..........# ##
#.......<..#
..##..........#
..............##
##............#
####.........##
#..........#
#@.........#
#....####..#
#....#.#...#
#..<..#.#.##
###..####.#
#.......#
#......##
########


There were no monsters in sight!

Vanquished Creatures
  An adder (D:2)
  A dart slug (D:1)
  4 endoplasms
  3 hobgoblins
  2 kobolds (D:1)
  2 ball pythons (D:1)
  3 bats (D:1)
  4 frilled lizards
  7 goblins
  4 rats
31 creatures vanquished.

Notes
Turn   | Place    | Note
-------+----------+-------------------------------------------
     0 | D:1      | pkoi the Draconian Monk began the quest for the Orb.
     0 | D:1      | Reached XP level 1. HP: 19/19 MP: 1/1
   335 | D:1      | Found a faded altar of an unknown god.
   353 | D:1      | Reached XP level 2. HP: 26/26 MP: 2/2
   850 | D:2      | Reached skill level 4 in Unarmed Combat
   860 | D:2      | Reached XP level 3. HP: 31/31 MP: 3/3
   918 | D:2      | Noticed Robin
  1054 | D:2      | Noticed Sigmund
  1073 | D:2      | Slain by Sigmund

Illustrated notes

Levels and vault maps discovered:
D:1:      evilmike_arrival_crescent, layout_basic, ebering_ecumenical_altar_rust
D:2:      minmay_inner_zag, layout_rooms, minmay_misc_feat_tiny, uniq_terence,
          uniq_sigmund, uniq_robin, uniq_crazy_yiuf_cottage

Skill      XL: |  1  2 |
---------------+-------+-----
Unarmed Combat | 4 |  4.4
Fighting       | |  3.2
Dodging        | |  2.6
Stealth        | |  1.8

Action                   || total
-------------------------++-------
Melee: Unarmed           ||    12
       Short sword       ||    42
       Tailslap          ||     1
  Use: Potion            ||     1
 Stab: Sleeping          ||     7
Armor: Skin              ||    13
Dodge: Dodged            ||    24
